 Dungeon Crawl Stone Soup version 0.25-a0-160-gd1d2e81 (webtiles) character file.

Game seed: 3679710094825040798, levelgen mode: deterministic

83 Auros the Shield-Bearer (level 4, -1/60 HPs)
             Began as a Minotaur Fighter on Nov 21, 2019.
             Succumbed to kobold's curare-tipped dart
             ... on level 3 of the Dungeon.
             The game lasted 00:03:28 (1836 turns).

Auros the Shield-Bearer (Minotaur Fighter)          Turns: 1836, Time: 00:03:29

Health: -1/60      AC: 22    Str: 21    XL:     4   Next: 22%
Magic:  3/3        EV:  2    Int:  5    God:
Gold:   107        SH:  9    Dex: 10    Spells: 3/3 levels left

rFire    . . .     SeeInvis .   a - +0 war axe
rCold    . . .     Gourm    .   c - +0 shield
rNeg     + + +     Faith    .   (armour currently unavailable)
rPois    +         Spirit   .   (helmet currently unavailable)
rElec    .         Reflect  .   (cloak currently unavailable)
rCorr    .         Harm     .   (gloves currently unavailable)
MR       .....     NoTele   +   (boots currently unavailable)
Stlth    +.........             (no amulet)
HPRegen  0.20/turn              (no ring)
MPRegen  0.08/turn              (no ring)

@: lethally poisoned (-1 -> -13), tree-form, slowed, very slow
A: (retaliatory headbutt)
a: no special abilities


You were on level 3 of the Dungeon.
You were not hungry.
You were a tree.
You visited 1 branch of the dungeon, and saw 3 of its levels.

You collected 107 gold pieces.

Inventory:

Hand Weapons
 a - a +0 war axe (weapon)
 j - a +1 hunting sling of freezing
Armour
 b - a +0 scale mail (melded)
 c - a +0 shield (worn)
 e - a +0 cloak (melded)
Jewellery
 o - a +5 ring of dexterity {unknown}
 p - an uncursed ring of resist corrosion {unknown}
Scrolls
 g - 2 scrolls of remove curse
 h - 3 scrolls of identify
 i - a scroll of amnesia {unknown}
 k - a scroll of magic mapping
 m - a scroll of teleportation
Potions
 d - a potion of might
Comestibles
 f - 6 rations
 l - 4 chunks of flesh


   Skills:
 + Level 4.3 Fighting
 + Level 3.2 Axes
 + Level 4.3 Armour
 + Level 0.4 Dodging
 + Level 4.5 Shields


You had 3 spell levels left.
You didn't know any spells.
Your spell library was empty.

Dungeon Overview and Level Annotations

Branches:
Dungeon (3/15)

Altars:


Innate Abilities, Weirdness & Mutations

((You reflexively headbutt those who attack you in melee.))
((You have a pair of horns on your head.))


Message History

* * * LOW HITPOINT WARNING * * *
You feel very sick.
You block the giant cockroach's attack. x2
As you read the scroll labeled WUSEMO TEUHU, it crumbles to dust.
You feel a strange sense of stasis.
It was a scroll of teleportation.
* * * LOW HITPOINT WARNING * * *
You feel sick.
The giant cockroach bites you but does no damage.
Okay, then.
You barely miss the kobold. You barely miss the giant cockroach.
* * * LOW HITPOINT WARNING * * *
You feel very sick. The giant cockroach barely misses you.
You block the giant cockroach's attack. The kobold hits you but does no damage.
You block the giant cockroach's attack. The kobold hits you with a +0 club.
* * * LOW HITPOINT WARNING * * *
You hit the kobold.
You kill the kobold!
You hit the giant cockroach.
You die...

*,,,**********....,.......,,,*
*,,,,,,,<,,,**,..#*......#****
*,,,,,,,,,,,**,#.#*......#
*,,,,,,,,.,,+,,#.##......#
*,,,,,,,,..,***#.........#
***,,,,,,...####.........#
##### *,,,,,,.....?..(.......#
#.... *,,,****#.....)#'####+#*
#.### *,,,* #....s♣#.## #.#
#.# *,,,* #......#..# #.# #.#
*,,,* #......##.###.#####.#
*,,,* #....).##.........÷.#
*,,,* #......##..##....####
*,,,* #......##..#.....######
***** #......###.#...........
######## #......#######
#......<......


You could see a giant cockroach.

Vanquished Creatures
  3 adders (D:2)
  An ooze (D:2)
  3 dart slugs (D:1)
  A leopard gecko (D:2)
  A ball python (D:2)
  A giant cockroach (D:2)
  2 goblins (D:1)
  6 hobgoblins
  6 jackals
  8 kobolds
  3 bats
  2 frilled lizards (D:1)
  5 rats
42 creatures vanquished.

Vanquished Creatures (others)
  3 toadstools (D:2)
3 creatures vanquished.

Grand Total: 45 creatures vanquished

Notes
Turn   | Place    | Note
-------+----------+-------------------------------------------
     0 | D:1      | Auros the Minotaur Fighter began the quest for the Orb.
     0 | D:1      | Reached XP level 1. HP: 19/19 MP: 0/0
   175 | D:1      | Reached XP level 2. HP: 27/27 MP: 1/1
   783 | D:1      | Reached XP level 3. HP: 30/33 MP: 2/2
  1497 | D:2      | Reached XP level 4. HP: 40/40 MP: 3/3
  1835 | D:3      | HP: 3/60 [poisoned by kobold (curare-tipped dart)]
  1835 | D:3      | HP: 1/60 [kobold/+0 club (2)]
  1836 | D:3      | Succumbed to kobold's curare-tipped dart

Levels and vault maps discovered:
D:1:      dpeg_arrival_court, layout_loops_cross, kennysheep_nondescript
D:2:      layout_loops_ring, first_ration, minmay_gold_behind_fungi
D:3:      layout_basic, nicolae_gozag_seed_capital, lemuel_crystal_altar

Skill      XL: |  1  2  3 |
---------------+----------+-----
Armour         | 4 |  4.3
Shields        | 4 |  4.5
Fighting       | 4 |  4.3
Axes           | 3 |  3.2
Dodging        | |  0.4

Action                   |  1- 3 |  4- 6 || total
-------------------------+-------+-------++-------
Melee: War axe           |    94 |    14 ||   108
       Headbutt          |    11 |     1 ||    12
  Use: Scroll            |       |     3 ||     3
       Potion            |       |     2 ||     2
  Eat: Chunk             |     2 |     1 ||     3
Armor: Scale mail        |    49 |     8 ||    57
       Skin              |       |     5 ||     5
Dodge: Dodged            |    31 |     7 ||    38
Block: Shield            |    48 |    17 ||    65

Table legend:
 A = Non-vault XP
 B = Vault XP
 C = Vault XP percentage of total XP
 D = Non-vault monster count
 E = Vault monster count
 F = Vault count percentage of total count
                 A         B        C        D         E       F
            +---------+---------+-------+---------+---------+-------
      Total |     119 |       0 |   0.0 |      42 |       0 |   0.0
            +---------+---------+-------+---------+---------+-------
        D:1 |      50 |       0 |   0.0 |      25 |       0 |   0.0
        D:2 |      63 |       0 |   0.0 |      14 |       0 |   0.0
        D:3 |       6 |       0 |   0.0 |       3 |       0 |   0.0
            +---------+---------+-------+---------+---------+-------
